 Seeded DCSS version 0.28.0 (webtiles) character file.

Game seed: 17954258168471696486 (custom seed)

3499 Buxparty the Skirmisher (level 9, 0/72 HPs)
             Began as a Demonspawn Abyssal Knight on Feb 4, 2022.
             Was an Elder of Lugonu.
             Slain by a gargoyle (10 damage)
             ... on level 7 of the Dungeon.
             The game lasted 00:22:42 (8484 turns).

Buxparty the Skirmisher (Demonspawn Abyssal Knight) Turns: 8484, Time: 00:22:43

Health: 0/72       AC: 21    Str: 22    XL:     9   Next: 80%
Magic:  12/12      EV: 14    Int: 11    God:    Lugonu [****..]
Gold:   494        SH:  4    Dex: 21    Spells: 8/8 levels left

rFire   . . .      SeeInvis .   a - +2 falchion
rCold   + . .      Faith    .   (no shield)
rNeg    + . .      Spirit   .   y - +7 Kryia's mail coat {PotionHeal*2 rC+}
rPois   +          Reflect  .   r - +0 helmet
rElec   .          Harm     .   I - +2 ratskin cloak {*Rats rPois rN+ Str-1 Int-1 Dex+1}
rCorr   .          Rampage  .   s - +1 pair of gloves
Will    .....                   (no boots)
Stlth   ..........              (no amulet)
HPRegen 0.22/turn               e - +6 ring of dexterity
MPRegen 0.13/turn               l - +6 ring of strength

@: no status effects
A: spiny 1, condensation shield, weakness stinger 2
a: Renounce Religion, Depart the Abyss, Bend Space, Banish, Corrupt


You were on level 7 of the Dungeon.
You worshipped Lugonu.
Lugonu was greatly pleased with you.
You visited 1 branch of the dungeon, and saw 7 of its levels.
You visited the Abyss 1 time.

You collected 494 gold pieces.

Inventory:

Hand Weapons
 a - a +2 falchion (weapon)
Missiles
 k - 10 poisoned darts (quivered)
Armour
 c - a +0 cloak
 m - a +0 chain mail
 r - a +0 helmet (worn)
 s - a +1 pair of gloves (worn)
 v - quicksilver dragon scales
 y - the +7 Kryia's mail coat (worn) {PotionHeal*2 rC+}
   (You found it on level 4 of the Dungeon)

   Potions are twice as effective at healing its wearer.
   rC:        It protects you from cold.
 I - the +2 ratskin cloak (worn) {*Rats rPois rN+ Str-1 Int-1 Dex+1}
   (You found it on level 6 of the Dungeon)

   When the wearer is hurt, rats may emerge from it to assist them.
   Str:       It affects your strength (-1).
   Int:       It affects your intelligence (-1).
   Dex:       It affects your dexterity (+1).
   rPois:     It protects you from poison.
   rN:        It protects you from negative energy.
Jewellery
 e - a +6 ring of dexterity (left hand)
 i - an amulet of faith
 l - a +6 ring of strength (right hand)
 A - a ring of willpower
 B - a +6 ring of dexterity
 E - a ring of ice
Wands
 t - a wand of iceblast (8)
 C - a wand of flame (2)
Scrolls
 b - 2 scrolls of amnesia
 d - 2 scrolls of fear
 j - 3 scrolls of immolation
 o - 4 scrolls of identify
 q - 2 scrolls of fog
 z - a scroll of brand weapon {unknown}
Potions
 f - 2 potions of cancellation {unknown}
 g - 4 potions of heal wounds {unknown}
 h - a potion of haste {unknown}
 n - 2 potions of curing
 p - 2 potions of lignification {unknown}
 u - 3 potions of ambrosia {unknown}
 w - a potion of magic {unknown}
 x - 2 potions of degeneration {unknown}
 D - a potion of brilliance


   Skills:
 + Level 7.5 Fighting
 + Level 6.5 Long Blades
 + Level 6.5 Armour
 + Level 6.2 Dodging
 + Level 4.5 Invocations


You had 8 spell levels left.
You didn't know any spells.
Your spell library contained the following spells:

 Spells                   Type           Power      Damage    Failure   Level
 Beastly Appendage        Tmut           0%         N/A       63%         1
 Magic Dart               Conj           0%         1d3       63%         1
 Slow                     Hex            0%         N/A       63%         1
 Blink                    Tloc           0%         N/A       77%         2
 Call Imp                 Summ           0%         N/A       77%         2
 Static Discharge         Conj/Air       0%         N/A       77%         2
 Wereblood                Tmut           0%         N/A       77%         2
 Confusing Touch          Hex            0%         N/A       94%         3
 Gell's Gravitas          Tloc           0%         N/A       94%         3
 Lesser Beckoning         Tloc           0%         N/A       94%         3
 Mephitic Cloud           Conj/Pois/Air  0%         N/A       94%         3
 Spider Form              Tmut/Pois      0%         N/A       94%         3
 Teleport Other           Tloc           0%         N/A       94%         3
 Vampiric Draining        Necr           0%         2d6       94%         3
 Lightning Bolt           Conj/Air       0%         1d11      100%        5
 Manifold Assault         Tloc           0%         N/A       100%        5
 Maxwell's Capacitive Co  Air            0%         ∞         100%        8


Dungeon Overview and Level Annotations

Branches:
Dungeon (7/15)
 Temple: D:4-7

Altars:

Shops:
D:5 *

Annotations:
D:6 2 transporters, Radamante's ghost, novice TrFi


Innate Abilities, Weirdness & Mutations

You are partially covered in sharp spines.
A meltable shield of frost defends you. (SH +4)
You have a tail ending in a sharp stinger.


Message History

You hit the gargoyle but do no damage. The gargoyle hits you with a +0 flail.
You hit the gargoyle.
The gargoyle is lightly damaged.
The gargoyle barely misses you.
You hit the gargoyle.
The gargoyle is moderately damaged.
The gargoyle hurls a stone arrow at you.
The stone arrow hits you!!
You slash the gargoyle! Your punch misses the gargoyle.
The gargoyle is severely damaged.
The gargoyle hits you with a +0 flail!
You hit the gargoyle but do no damage.
The gargoyle is severely damaged.
You hit the gargoyle but do no damage.
You tail-slap the gargoyle, but do no damage.
The gargoyle is severely damaged.
The gargoyle closely misses you.
You hit the gargoyle but do no damage.
The gargoyle is severely damaged.
The gargoyle hurls a stone arrow at you.
The stone arrow misses you.
You hit the gargoyle but do no damage.
The gargoyle is severely damaged.
The gargoyle barely misses you.
You hit the gargoyle but do no damage.
The gargoyle is severely damaged.
The gargoyle hurls a stone arrow at you.
The stone arrow hits you!!
* * * LOW HITPOINT WARNING * * *
You closely miss the gargoyle.
You tail-slap the gargoyle, but do no damage.
The gargoyle is severely damaged.
The gargoyle hurls a stone arrow at you.
The stone arrow hits you!
* * * LOW HITPOINT WARNING * * *
You hit the gargoyle.
You tail-slap the gargoyle, but do no damage.
The gargoyle is almost destroyed.
The gargoyle hits you with a +0 flail!
You die...

..# #.## ..# #..# ..## .#
#..# #..## ..# ## ##..#
###...##.## .####...#
####.#.......#
........####....#.......#
........##......#.......#
................@9......#
........................#
...................>....#
....................##..#
..................### .#
...................# #
...................#
...................#
....... ..........#


You could see a gargoyle.

Vanquished Creatures
  Pikel (D:6)
  Sigmund (D:5)
  Menkaure (D:4)
  A steam dragon (D:7)
  Edmund (D:4)
  3 water moccasins
  Duvessa (D:5)
  A sky beast (D:6)
  Pargi (D:3)
  A black bear (D:6)
  A necrophage (D:5)
  2 centaurs (D:6)
  2 ogres
  A lemure (D:6)
  A phantom (D:4)
  A kobold brigand (D:6)
  A gnoll sergeant (D:7)
  A scorpion (D:6)
  A wyvern zombie (D:6)
  A water moccasin zombie (D:5)
  Dowan (D:5)
  A water moccasin skeleton (D:5)
  2 howler monkeys (D:7)
  An orc priest (D:4)
  A centaur skeleton (D:5)
  2 hounds
  4 jellies
  Terence (D:3)
  2 iguanas
  Natasha (thrice) (D:4)
  3 orc wizards
  A killer bee zombie (D:5)
  A howler monkey zombie (D:5)
  18 gnolls
  6 adders
  2 white imps
  An adder skeleton (D:4)
  2 worms (D:2)
  2 dart slugs (D:4)
  12 orcs
  8 ball pythons
  4 endoplasms
  7 giant cockroaches
  4 goblins
  9 hobgoblins
  5 jackals (D:1)
  9 kobolds
  9 quokkas
  12 bats
  5 frilled lizards (D:1)
  A quokka skeleton (D:4)
  4 rats
167 creatures vanquished.

Vanquished Creatures (collateral kills)
  A bullfrog zombie (D:6)
1 creature vanquished.

Vanquished Creatures (others)
  A gnoll (D:7)
  A fungus (D:1)
  6 plants (D:6)
8 creatures vanquished.

Grand Total: 176 creatures vanquished

Notes
Turn   | Place    | Note
-------+----------+-------------------------------------------
     0 | Abyss:1  | Buxparty the Demonspawn Abyssal Knight began the quest for
                  | the Orb.
     0 | Abyss:1  | Reached XP level 1. HP: 18/18 MP: 2/2
    36 | Abyss:1  | Found a corrupted altar of Lugonu.
    77 | Abyss:1  | Noticed a small abomination
   104 | Abyss:1  | Noticed a demonic crawler
   106 | Abyss:1  | Noticed a sixfirhy
   112 | D:1      | Escaped the Abyss
   153 | D:1      | Reached skill level 1 in Dodging
   231 | D:1      | Gained mutation: A meltable shield of frost defends you.
                  | (SH +4) [demonic ancestry]
   231 | D:1      | Reached XP level 2. HP: 22/24 MP: 3/3
   238 | D:1      | Reached * piety under Lugonu
   287 | D:1      | Found a faded altar of an unknown god.
   697 | D:1      | Reached XP level 3. HP: 28/29 MP: 4/4
  1484 | D:1      | Gained mutation: You have a small tail. [demonic ancestry]
  1484 | D:1      | Reached XP level 4. HP: 22/36 MP: 5/5
  2214 | D:2      | Reached ** piety under Lugonu
  2593 | D:3      | Gained mutation: You have a tail ending in a sharp stinger.
                  | [demonic ancestry]
  2593 | D:3      | Reached XP level 5. HP: 21/33 MP: 6/6
  2826 | D:3      | Noticed Terence
  2847 | D:3      | Killed Terence
  2897 | D:3      | Reached skill level 4 in Fighting
  3234 | D:3      | Noticed Pargi
  3260 | D:3      | Killed Pargi
  3261 | D:3      | Reached XP level 6. HP: 27/48 MP: 7/7
  3953 | D:4      | Noticed Edmund
  3991 | D:4      | Killed Edmund
  3992 | D:4      | Gained mutation: You are partially covered in sharp spines.
                  | [demonic ancestry]
  3992 | D:4      | Reached XP level 7. HP: 22/55 MP: 8/8
  4394 | D:4      | Noticed Natasha
  4400 | D:4      | Killed Natasha
  4440 | D:4      | Noticed Menkaure
  4450 | D:4      | Killed Menkaure
  4451 | D:4      | Reached skill level 5 in Fighting
  4544 | D:4      | Found the +7 Kryia's mail coat {PotionHeal*2 rC+}
  4582 | D:4      | Reached *** piety under Lugonu
  4830 | D:4      | Noticed Natasha
  4840 | D:4      | Killed Natasha
  4892 | D:4      | Noticed Natasha
  4899 | D:4      | Killed Natasha
  4922 | D:5      | Entered Level 5 of the Dungeon
  5083 | D:5      | Reached XP level 8. HP: 63/63 MP: 9/9
  5125 | D:5      | Noticed Sigmund
  5141 | D:5      | Killed Sigmund
  5318 | D:5      | Noticed Duvessa
  5318 | D:5      | Noticed Dowan
  5341 | D:5      | Killed Duvessa
  5353 | D:5      | Killed Dowan
  5483 | D:5      | Reached skill level 6 in Fighting
  5483 | D:5      | Reached skill level 5 in Long Blades
  5567 | D:5      | Reached skill level 5 in Armour
  5640 | D:5      | Found Xaqyolel's Fire Supplies.
  5911 | D:5      | Reached skill level 5 in Dodging
  6773 | D:6      | Reached XP level 9. HP: 47/71 MP: 10/10
  6982 | D:6      | Found the +2 ratskin cloak {*Rats rPois rN+ Str-1 Int-1
                  | Dex+1}
  7238 | D:6      | Found a transporter.
  7246 | D:6      | Identified the +7 spear "Raahuoth" {vamp, *Rage rC+ Dex+4}
  7246 | D:6      | Identified the +2 kite shield "Ryekh" {*Slow rElec rF+
                  | Str+8}
  7248 | D:6      | Found a transporter.
  7248 | D:6      | Noticed Radamante's ghost (novice TrFi)
  7284 | D:6      | Reached skill level 7 in Fighting
  8034 | D:7      | Reached **** piety under Lugonu
  8201 | D:7      | Noticed Pikel
  8220 | D:6      | Killed Pikel
  8467 | D:7      | Noticed a gargoyle
  8484 | D:7      | Slain by a gargoyle

Illustrated notes

Levels and vault maps discovered:
D:1:      doesnt_arrival_eight_statues, layout_rooms,
          shapermc_ecumenical_altar_acropolis
D:2:      minmay_angry_zag, layout_rooms, nrook_uturn, minmay_ruptured
D:3:      layout_basic, minmay_joined_circles, uniq_terence, uniq_pargi
D:4:      layout_cave_pods, st_stairs_2, uniq_natasha, uniq_menkaure,
          uniq_edmund
D:5:      layout_basic, nicolae_shop_fire_sale [nicolae_sub_dead_trees],
          uniq_duvessa, uniq_sigmund
D:6:      layout_rooms, gammafunk_ghost_gnarly_gnolls, dk_noncrumbling_4
D:7:      layout_layer_cave, minmay_temple_entry_from_below_a,
          ebering_ghost_rock_garden, uniq_pikel

Skill      XL: |  1  2  3  4  5  6  7  8  9 |
---------------+----------------------------+-----
Dodging        | 1 2 3 4 5 6 |  6.2
Long Blades    | 2 3 4 5 6 |  6.5
Armour         | 2 3 4 5 6 |  6.5
Fighting       | 4 5 6 7 |  7.5
Invocations    | 4 |  4.5

Action                   |  1- 3 |  4- 6 |  7- 9 || total
-------------------------+-------+-------+-------++-------
Melee: Falchion          |   138 |   200 |   292 ||   630
       Tailslap          |       |    30 |    51 ||    81
       Punch             |       |     3 |     4 ||     7
Throw: Dart              |     3 |       |       ||     3
Invok: Depart the Abyss  |     1 |       |       ||     1
  Use: Scroll            |       |       |    10 ||    10
 Stab: Sleeping          |     2 |     2 |       ||     4
Armor: Leather armour    |    45 |    25 |       ||    70
       Quicksilver drago |       |    70 |     9 ||    79
       Scale mail        |       |       |   127 ||   127
Dodge: Dodged            |   121 |   117 |   174 ||   412
Block: Other             |    27 |    36 |    55 ||   118
